TOP OF THE 1ST |
Salem Sledgehammers batting - Pitching for Saskatoon Smokin' Guns : RHP Arthur Benson
|
Pitching: RHP Arthur Benson
|
|
Batting: RHB William Richardson
|
0-0: Called Strike 0-1: Ball 1-1: Called Strike 1-2: Strikes out swinging
|
Batting: RHB Brandon Pope
|
0-0: Fly out, F7 (Flyball, 78M)
|
Batting: SHB Lee Townsend
|
0-0: Ball 1-0: Hit by Pitch
|
Batting: SHB Pepe Piña
|
0-0: Swinging Strike 0-1: Swinging Strike 0-2: Ball 1-2: Strikes out swinging
|
Top of the 1st over - 0 run(s), 0 hit(s), 0 error(s), 1 left on base; Salem 0 - Saskatoon 0 |
BOTTOM OF THE 1ST |
Saskatoon Smokin' Guns batting - Pitching for Salem Sledgehammers : LHP Don Sutherland
|
Pitching: LHP Don Sutherland
|
|
Batting: RHB Oliver Harris
|
0-0: Called Strike 0-1: Swinging Strike 0-2: Ball 1-2: Foul Ball, location: 2F 1-2: Ball 2-2: Ball 3-2: SINGLE (Flyball, 6MD)
|
Batting: RHB Eric Neal
|
0-0: Ball 1-0: Called Strike 1-1: Foul Ball, location: 2F 1-2: Foul Ball, location: 2F 1-2: Strikes out looking
|
Batting: RHB Jason O'Toole
|
0-0: Ball 1-0: Called Strike 1-1: Called Strike 1-2: Strikes out swinging
|
Batting: LHB Del Kennedy
|
0-0: Fly out, F9 (Flyball, 9M)
|
Bottom of the 1st over - 0 run(s), 1 hit(s), 0 error(s), 1 left on base; Salem 0 - Saskatoon 0 |
TOP OF THE 2ND |
Salem Sledgehammers batting - Pitching for Saskatoon Smokin' Guns : RHP Arthur Benson
|
Batting: SHB Júlio Salazar
|
0-0: Foul Ball, location: 2F 0-1: Swinging Strike 0-2: Ball 1-2: Foul Ball, location: 2F 1-2: Foul Ball, location: 2F 1-2: Strikes out swinging
|
Batting: RHB B.J. Allen
|
0-0: Foul Ball, location: 2F 0-1: Fly out, F9 (Flyball, 9M)
|
Batting: LHB Brent Alonzo
|
0-0: Ball 1-0: Swinging Strike 1-1: Fly out, F9 (Popup, 89S)
|
Top of the 2nd over - 0 run(s), 0 hit(s), 0 error(s), 0 left on base; Salem 0 - Saskatoon 0 |
BOTTOM OF THE 2ND |
Saskatoon Smokin' Guns batting - Pitching for Salem Sledgehammers : LHP Don Sutherland
|
Batting: RHB António Yánez
|
0-0: Swinging Strike 0-1: Ball 1-1: Foul Ball, location: 2F 1-2: Ball 2-2: Ball 3-2: Strikes out looking
|
Batting: RHB Pedro Núñez
|
0-0: Reached on error, E5 (Groundball, 56)
|
Batting: RHB Chris Richards
|
0-0: Called Strike 0-1: Ball 1-1: Foul Ball, location: 2F 1-2: Grounds into double play, 6-4-3 (Groundball, 6)
|
Bottom of the 2nd over - 0 run(s), 0 hit(s), 1 error(s), 0 left on base; Salem 0 - Saskatoon 0 |
TOP OF THE 3RD |
Salem Sledgehammers batting - Pitching for Saskatoon Smokin' Guns : RHP Arthur Benson
|
Batting: RHB Fernando Pérez
|
0-0: Ball 1-0: Called Strike 1-1: Ball 2-1: Ground out 4-3 (Groundball, 4M)
|
Batting: RHB Ryan Cates
|
0-0: Foul Ball, location: 2F 0-1: Called Strike 0-2: Fly out, F8 (Flyball, 78M)
|
Batting: RHB William Richardson
|
0-0: Ball 1-0: Ball 2-0: Ball 3-0: Base on Balls
|
Batting: RHB Brandon Pope
|
0-0: Ball Throwing error on steal attempt, E2 William Richardson to third 1-0: Ball 2-0: Swinging Strike 2-1: Foul Ball, location: 2F 2-2: Foul Ball, location: 2F 2-2: SINGLE (Line Drive, 4) William Richardson scores
|
Batting: SHB Lee Townsend
|
0-0: Ground out 1-3 (Groundball, 13)
|
Top of the 3rd over - 1 run(s), 1 hit(s), 1 error(s), 1 left on base; Salem 1 - Saskatoon 0 |
BOTTOM OF THE 3RD |
Saskatoon Smokin' Guns batting - Pitching for Salem Sledgehammers : LHP Don Sutherland
|
Batting: RHB Alvin Hampton
|
0-0: Swinging Strike 0-1: Ball 1-1: Foul Ball, location: 2F 1-2: Ball 2-2: Strikes out looking
|
Batting: RHB Raúl Méndez
|
Single, Error in OF, E8, batter to second base
|
Batting: RHB Oliver Harris
|
0-0: Called Strike Raúl Méndez steals 3rd base 0-1: Ball 1-1: Called Strike 1-2: Strikes out looking
|
Batting: RHB Eric Neal
|
0-0: Ball 1-0: SINGLE (Flyball, 7LS) Raúl Méndez scores
|
Batting: RHB Jason O'Toole
|
0-0: Ball 1-0: Called Strike 1-1: Ball 2-1: Ball 3-1: Foul Ball, location: 2F 3-2: Strikes out swinging
|
Bottom of the 3rd over - 1 run(s), 2 hit(s), 1 error(s), 1 left on base; Salem 1 - Saskatoon 1 |
TOP OF THE 4TH |
Salem Sledgehammers batting - Pitching for Saskatoon Smokin' Guns : RHP Arthur Benson
|
Batting: SHB Pepe Piña
|
0-0: Ball 1-0: Called Strike 1-1: Foul Ball, location: 2F 1-2: Ground out 4-3 (Groundball, 4)
|
Batting: SHB Júlio Salazar
|
0-0: Ball 1-0: Foul Ball, location: 2F 1-1: Called Strike 1-2: Ball 2-2: Fly out, F8 (Flyball, 8LM)
|
Batting: RHB B.J. Allen
|
0-0: Ball 1-0: Called Strike 1-1: Ball 2-1: Ball 3-1: Foul Ball, location: 2F 3-2: Base on Balls
|
Batting: LHB Brent Alonzo
|
0-0: Called Strike B.J. Allen steals 2nd base 0-1: Ball 1-1: Called Strike 1-2: Ball 2-2: Ball 3-2: Foul Ball, location: 2F 3-2: Foul Ball, location: 2F 3-2: Ground out 5-3 (Groundball, 5S)
|
Top of the 4th over - 0 run(s), 0 hit(s), 0 error(s), 1 left on base; Salem 1 - Saskatoon 1 |
BOTTOM OF THE 4TH |
Saskatoon Smokin' Guns batting - Pitching for Salem Sledgehammers : LHP Don Sutherland
|
Batting: LHB Del Kennedy
|
0-0: Ball 1-0: Called Strike 1-1: Ball 2-1: Fly out, F8 (Line Drive, 8LD)
|
Batting: RHB António Yánez
|
0-0: Ball 1-0: Swinging Strike 1-1: Ball 2-1: Swinging Strike 2-2: Strikes out swinging
|
Batting: RHB Pedro Núñez
|
0-0: Ball 1-0: Ball 2-0: Ball 3-0: Called Strike 3-1: Ground out 6-3 (Groundball, 6)
|
Bottom of the 4th over - 0 run(s), 0 hit(s), 0 error(s), 0 left on base; Salem 1 - Saskatoon 1 |
TOP OF THE 5TH |
Salem Sledgehammers batting - Pitching for Saskatoon Smokin' Guns : RHP Arthur Benson
|
Batting: RHB Fernando Pérez
|
0-0: Called Strike 0-1: Ball 1-1: Called Strike 1-2: Fly out, F4 (Line Drive, 4M)
|
Batting: RHB Ryan Cates
|
0-0: Called Strike 0-1: Swinging Strike 0-2: Strikes out swinging
|
Batting: RHB William Richardson
|
0-0: Ball 1-0: Ball 2-0: Ball 3-0: Base on Balls
|
Batting: RHB Brandon Pope
|
0-0: Called Strike 0-1: 2-RUN HOME RUN (Flyball, 7D), Distance : 414 ft
|
Batting: SHB Lee Townsend
|
0-0: Ball 1-0: SINGLE (Line Drive, 89S)
|
Batting: SHB Pepe Piña
|
0-0: Ball 1-0: Ground out 4-3 (Groundball, 4)
|
Top of the 5th over - 2 run(s), 2 hit(s), 0 error(s), 1 left on base; Salem 3 - Saskatoon 1 |
BOTTOM OF THE 5TH |
Saskatoon Smokin' Guns batting - Pitching for Salem Sledgehammers : LHP Don Sutherland
|
Batting: RHB Chris Richards
|
0-0: Ball 1-0: Ball 2-0: Called Strike 2-1: Swinging Strike 2-2: Strikes out swinging, 2-3 out at first.
|
Batting: RHB Alvin Hampton
|
0-0: Ball 1-0: Ground out 1-3 (Groundball, 25)
|
Batting: RHB Raúl Méndez
|
0-0: Called Strike 0-1: Swinging Strike 0-2: Ball 1-2: Strikes out looking
|
Bottom of the 5th over - 0 run(s), 0 hit(s), 0 error(s), 0 left on base; Salem 3 - Saskatoon 1 |
TOP OF THE 6TH |
Salem Sledgehammers batting - Pitching for Saskatoon Smokin' Guns : RHP Arthur Benson
|
Batting: SHB Júlio Salazar
|
0-0: Ball 1-0: Fly out, F7 (Line Drive, 78M)
|
Batting: RHB B.J. Allen
|
0-0: Ball 1-0: Ball 2-0: Ball 3-0: Called Strike 3-1: Base on Balls
|
Pitching: LHP Alfonso Quintero
|
|
Batting: LHB Brent Alonzo
|
0-0: Called Strike 0-1: Called Strike 0-2: Strikes out looking
|
Batting: RHB Fernando Pérez
|
0-0: Called Strike 0-1: Fly out, F9 (Line Drive, 9M)
|
Top of the 6th over - 0 run(s), 0 hit(s), 0 error(s), 1 left on base; Salem 3 - Saskatoon 1 |
BOTTOM OF THE 6TH |
Saskatoon Smokin' Guns batting - Pitching for Salem Sledgehammers : LHP Don Sutherland
|
Batting: RHB Oliver Harris
|
0-0: Ball 1-0: Fly out, F8 (Line Drive, 8RD)
|
Batting: RHB Eric Neal
|
0-0: Ball 1-0: Called Strike 1-1: DOUBLE (Line Drive, 8LM)
|
Batting: RHB Jason O'Toole
|
0-0: Fly out, F6 (Popup, 5D)
|
Batting: LHB Del Kennedy
|
0-0: Ball 1-0: Ball 2-0: Called Strike 2-1: Ball 3-1: Base on Balls
|
Pitching: RHP Jeff Hansen
|
|
Batting: RHB António Yánez
|
0-0: Ball 1-0: Foul Ball, location: 2F 1-1: Foul Ball, location: 2F 1-2: 3-RUN HOME RUN (Flyball, 78XD), Distance : 455 ft
|
Batting: RHB Pedro Núñez
|
0-0: Called Strike 0-1: Foul Ball, location: 2F 0-2: Ball 1-2: Reached on error, E3 (Groundball, 34)
|
Batting: RHB Chris Richards
|
0-0: Ball 1-0: Called Strike 1-1: Called Strike 1-2: Strikes out swinging
|
Bottom of the 6th over - 3 run(s), 2 hit(s), 1 error(s), 1 left on base; Salem 3 - Saskatoon 4 |
TOP OF THE 7TH |
Salem Sledgehammers batting - Pitching for Saskatoon Smokin' Guns : LHP Alfonso Quintero
|
Batting: RHB Ryan Cates
|
0-0: Called Strike 0-1: Swinging Strike 0-2: Ball 1-2: Foul Ball, location: 2F 1-2: Strikes out swinging
|
Batting: RHB William Richardson
|
0-0: Ball 1-0: Swinging Strike 1-1: Ball 2-1: Called Strike 2-2: Foul Ball, location: 2F 2-2: Strikes out swinging
|
Batting: RHB Brandon Pope
|
0-0: Called Strike 0-1: Ball 1-1: Called Strike 1-2: Strikes out swinging
|
Top of the 7th over - 0 run(s), 0 hit(s), 0 error(s), 0 left on base; Salem 3 - Saskatoon 4 |
BOTTOM OF THE 7TH |
Saskatoon Smokin' Guns batting - Pitching for Salem Sledgehammers : RHP Jeff Hansen
|
Batting: RHB Alvin Hampton
|
0-0: Foul Ball, location: 2F 0-1: Swinging Strike 0-2: Strikes out swinging
|
Batting: RHB Raúl Méndez
|
0-0: Ball 1-0: Ball 2-0: Foul Ball, location: 2F 2-1: Ball 3-1: Base on Balls
|
Pinch Hitting: LHB Andrew Veeck
|
0-0: Foul Ball, location: 2F 0-1: Grounds into double play, 4-6-3 (Groundball, 34)
|
Bottom of the 7th over - 0 run(s), 0 hit(s), 0 error(s), 0 left on base; Salem 3 - Saskatoon 4 |
TOP OF THE 8TH |
Salem Sledgehammers batting - Pitching for Saskatoon Smokin' Guns : LHP Alfonso Quintero
|
Pitching: LHP Macy Catron
|
|
Now at 1B: Andrew Veeck
|
|
Batting: SHB Lee Townsend
|
0-0: Swinging Strike 0-1: Called Strike 0-2: Strikes out swinging
|
Batting: SHB Pepe Piña
|
0-0: Called Strike 0-1: Swinging Strike 0-2: Ball 1-2: Ball 2-2: Strikes out swinging
|
Pitching: RHP Allen Collins
|
|
Batting: SHB Júlio Salazar
|
0-0: Fly out, F8 (Flyball, 8LM)
|
Top of the 8th over - 0 run(s), 0 hit(s), 0 error(s), 0 left on base; Salem 3 - Saskatoon 4 |
BOTTOM OF THE 8TH |
Saskatoon Smokin' Guns batting - Pitching for Salem Sledgehammers : RHP Jeff Hansen
|
Batting: RHB Eric Neal
|
0-0: Ball 1-0: Ball 2-0: Ball 3-0: Base on Balls
|
Pinch Hitting: RHB Kenny Thompson
|
0-0: Grounds into double play, 6-4-3 (Groundball, 6)
|
Pitching: LHP Allen Purss
|
|
Batting: LHB Del Kennedy
|
0-0: Called Strike 0-1: Ball 1-1: Ground out 4-3 (Groundball, 34)
|
Bottom of the 8th over - 0 run(s), 0 hit(s), 0 error(s), 0 left on base; Salem 3 - Saskatoon 4 |
|